AoeStats
← Rumcajs

Lombardia

509439675Analyzed
3v3 RM · 5d ago on Sep 26, 2026· 30m 37s· 6 players
Game mode
Random Map
Map size
Normal (6 player)
Population
200
Speed
Normal
Resources
Standard
Victory
Conquest
Starting age
Dark Age
Ending age
Imperial Age
RankedLock teamsTeams togetherTeam positionsShared explorationLock speedFull tech treeHidden civsTurbo modeCheats
Victory
Defeat
🇬🇧 Lithuanians · United Kingdom
1567
+9
🇫🇮 Vikings · Finland
1440
+14
🇵🇱 Muisca · Poland
1403
+14
🇩🇪 Mongols · Germany
1412
-13
🇩🇪 Hindustanis · Germany
1410
-13
1358
-11
amonxzol
4:46 Loom
9:32 Feudal Age
18:45 Castle Age
17:24 Double-Bit Axe
17:20 Horse Collar
18:49 Bloodlines
22:01 Husbandry
23:34 Wheelbarrow
23:23 Scale Barding Armor
25:16 Forging
cro55b0w
6:40 Loom
9:34 Feudal Age
10:15 Double-Bit Axe
20:15 Castle Age
18:16 Horse Collar
21:48 Bow Saw
21:43 Scale Mail Armor
21:47 Squires
21:40 Gold Mining
22:04 Arson
24:21 Chain Mail Armor
27:51 Gold Shaft Mining
Rumcajs
10:46 Feudal Age
13:54 Loom
16:34 Castle Age
14:42 Double-Bit Axe
16:14 Forging
16:04 Scale Mail Armor
17:59 Horse Collar
20:00 Gold Mining
24:49 Squires
27:57 Heavy Plow
28:34 Wheelbarrow
30:05 Fletching
30:15 Padded Archer Armor
30:13 Fletching
DerZerSchlachta
8:03 Feudal Age
9:47 Loom
10:25 Double-Bit Axe
13:08 Horse Collar
21:22 Castle Age
23:41 Bow Saw
27:51 Fletching
28:29 Bodkin Arrow
DerZerfetzer
6:53 Loom
9:06 Feudal Age
10:17 Double-Bit Axe
12:19 Wheelbarrow
12:18 Horse Collar
19:18 Castle Age
18:20 Stone Mining
18:21 Gold Mining
20:03 Forging
19:53 Scale Mail Armor
20:31 Hand Cart
20:48 Bow Saw
21:38 Chain Mail Armor
21:59 Iron Casting
25:57 Gold Shaft Mining
DerButtermesserSchlitzer
10:32 Feudal Age
14:39 Castle Age
13:24 Double-Bit Axe
14:56 Loom
16:44 Scale Barding Armor
18:58 Bloodlines
21:27 Horse Collar
24:31 Husbandry
Connection lost

Rejoining the realm…

Still unreachable

The connection could not be restored.

Session expired

The server has moved on; the page needs a fresh start.